 Dungeon Crawl Stone Soup version 0.20-a0-548-g4f8a798 (webtiles) character file.

8149 KristoblXynda the Basher (level 11, -6/82 HPs)
             Began as a Black Draconian Fighter on Feb 1, 2017.
             Was a Believer of Qazlal.
             Mangled by a yak (16 damage)
             ... on level 1 of the Lair of Beasts.
             The game lasted 00:28:27 (11834 turns).

KristoblXynda the Basher (Black Draconian Fighter) Turns: 11834, Time: 00:28:27

Health: -6/82      AC:  9    Str: 21    XL:     11   Next: 6%
Magic:  15/15      EV: 11    Int: 10    God:    Qazlal [**....]
Gold:   476        SH: 15    Dex: 10    Spells: 10/10 levels left

rFire    . . .     SeeInvis .   f - +1 whip (elec)
rCold    . . .     Gourm    +   (armour unavailable)
rNeg     . . .     Faith    .   b - +1 shield
rPois    .         Spirit   .   (helmet restricted)
rElec    +         Reflect  .   a - +0 cloak
rCorr    .         Harm     .   y - +0 pair of gloves
MR       +....                  (no boots)
Stlth    +++.......             h - amulet of the gourmand
Regen    0.3/turn               r - ring of wizardry (curse)
                                s - ring of protection from magic

@: no status effects
A: breathe lightning, unfitting armour, antennae 1, hooves 1, electricity
resistance, cold-blooded, subdued magic 1, AC +7
a: Breathe Lightning, Upheaval, Renounce Religion


You were on level 1 of the Lair of Beasts.
You worshipped Qazlal.
Qazlal was pleased with you.
You were very full.

You visited 3 branches of the dungeon, and saw 11 of its levels.
You also visited: Ossuary.

You collected 593 gold pieces.
You spent 117 gold pieces at shops.

Inventory:

Hand Weapons
 f - a +1 whip of electrocution (weapon)
Armour
 a - a +0 cloak (worn)
 b - a +1 shield (worn)
 y - a +0 pair of gloves (worn)
Jewellery
 h - an amulet of the gourmand (around neck)
 r - a cursed ring of wizardry (right hand)
 s - a ring of protection from magic (left hand)
Wands
 w - a wand of disintegration (7/24)
 F - a wand of digging (19/24)
 J - a wand of confusion (30/48)
 L - a wand of disintegration (13/24)
Scrolls
 c - 3 scrolls of teleportation
 k - 3 scrolls of remove curse
 l - a scroll of enchant armour
 p - 2 scrolls of amnesia
 t - a scroll of immolation
 x - 4 scrolls of recharging
 G - a scroll of fear
 H - 2 scrolls of identify
 K - a scroll of silence
Potions
 e - 3 potions of curing
 g - a potion of ambrosia
 i - a potion of magic
 j - a potion of berserk rage {unknown}
 n - 3 potions of flight
 q - a potion of cure mutation
 u - a potion of mutation
 v - 3 potions of lignification
 A - a potion of cancellation
 B - a potion of agility
 C - a potion of resistance
 D - 3 potions of brilliance
Comestibles
 d - 5 bread rations
 m - 6 fruits
 o - 4 royal jellies
 z - 6 meat rations


   Skills:
 - Level 3.2 Fighting
 + Level 10.8 Maces & Flails
 - Level 2.6 Dodging
 - Level 6.9 Stealth
 + Level 10.2 Shields
 + Level 6.3 Invocations


You had 10 spell levels left.
You didn't know any spells.

Dungeon Overview and Level Annotations

Branches:
Dungeon (9/15)             Temple (1/1) D:7            Lair (1/6) D:9
    Orc: D:9-12

Altars:
Ashenzari
Cheibriados
Dithmenos
Elyvilon
Fedhas
Gozag
Hepliaklqana
Kikubaaqudgha
Makhleb
Nemelex Xobeh
Okawaru
Qazlal
Ru
Sif Muna
Trog
Uskayaw
Vehumet
Xom
Yredelemnul
Zin
The Shining One

Shops:
D:8 *

Annotations:
D:9 exclusion: orange crystal statue


Innate Abilities, Weirdness & Mutations

You can breathe wild blasts of lightning.
Your glossy black scales are hard. (AC +7)
You cannot fit into any form of body armour.
You are resistant to electric shocks. (rElec)
You are cold-blooded and may be slowed by cold attacks.
You have a pair of small antennae on your head.
You have large cloven feet.
Your spells are a little easier to cast, but a little less powerful.


Message History

You hit the yak. You kick the yak, but do no damage. You tail-slap the yak.
The yak is lightly wounded.
The yak gores you!
* * * LOW HITPOINT WARNING * * *
You hit the yak.
There is a sudden explosion of sparks!
The yak is almost dead.
You block the yak's attack.
You closely miss the yak. You kick the yak, but do no damage.
You tail-slap the yak, but do no damage.
The yak is almost dead.
You hit the yak. Your kick misses the yak.
You tail-slap the yak, but do no damage.
The yak is moderately wounded.
The yak gores you!
* * * LOW HITPOINT WARNING * * *
You hit the yak but do no damage. You kick the yak, but do no damage.
Your tail-slap misses the yak.
The yak is almost dead.
The yak gores you!
You die...

...##...# #....##
..###...###....#
...#...P#.....##
.......##....######
.............# #..##
..#.#.......####...#
..###.........#....#
..###...##......ยง..#
..##...###......@###
.......# ####..YY#.#
.....### #P...)#
....## ###........#
...## #.......## ..##
###...### .## ....# .
#..... . #.....


You could see 2 yaks.

Vanquished Creatures
  A two-headed ogre (D:9)
  Pikel (D:5)
  A manticore (D:9)
  Maurice (D:8)
  The ghost of p0werm0de the Geomancer, a novice GrEE (Ossuary)
  A komodo dragon (D:9)
  A slime creature (D:9)
  The ghost of kroki the Insei, an amateur OpTm (D:4)
  2 yaks
  2 wyverns (D:9)
  Menkaure (D:4)
  Edmund (D:5)
  4 sky beasts
  4 orc warriors
  A black bear (D:9)
  2 ice beasts (D:6)
  4 slaves (D:5)
  A hornet zombie (D:5)
  3 phantoms
  4 ogres
  3 centaurs
  A crocodile (D:9)
  5 bullfrogs
  A scorpion (D:8)
  6 killer bees (D:8)
  5 wights (D:9)
  2 howler monkeys
  3 crimson imps
  3 centaur zombies
  A quasit (D:8)
  5 orc priests
  3 jellies
  7 orc wizards
  2 hounds
  A centaur skeleton (D:4)
  3 iguanas
  9 worker ants
  A killer bee zombie (D:8)
  2 big kobold zombies (Ossuary)
  2 hound skeletons
  6 mummies
  10 gnolls
  A howler monkey skeleton (D:5)
  14 adders
  2 shadow imps (D:7)
  An adder skeleton (D:5)
  3 worms
  A dart slug (D:2)
  4 leopard geckos
  39 orcs
  8 bats
  8 giant cockroaches
  2 gnoll zombies (Ossuary)
  9 goblins
  11 hobgoblins
  9 jackals
  6 quokkas
  3 ball pythons
  A ball python skeleton (D:4)
  2 frilled lizards
  A giant cockroach zombie (D:5)
  A goblin zombie (Ossuary)
  9 kobolds
  A kobold zombie (Ossuary)
  4 quokka skeletons
  2 quokka zombies
  12 rats
272 creatures vanquished.

Vanquished Creatures (others)
  5 plants
5 creatures vanquished.

Grand Total: 277 creatures vanquished

Notes
Turn   | Place    | Note
-------+----------+-------------------------------------------
     0 | D:1      | KristoblXynda the Draconian Fighter began the quest for the Orb.
     0 | D:1      | Reached XP level 1. HP: 19/19 MP: 1/1
   306 | D:1      | Reached XP level 2. HP: 26/26 MP: 2/2
   809 | D:2      | Reached XP level 3. HP: 29/31 MP: 3/3
  1707 | D:3      | Reached XP level 4. HP: 38/38 MP: 4/4
  2188 | D:3      | Reached XP level 5. HP: 10/45 MP: 5/5
  2811 | D:3      | Reached skill level 5 in Maces & Flails
  3189 | D:4      | Noticed a sky beast
  3204 | D:4      | Killed a sky beast
  3204 | D:4      | Reached skill level 1 in Stealth
  3204 | D:4      | Reached XP level 6. HP: 51/51 MP: 6/6
  3217 | D:4      | Gained mutation: You have large cloven feet. [mutagenic meat]
  3219 | D:4      | Gained mutation: Your spells are a little easier to cast, but a little less powerful. [mutagenic meat]
  3364 | D:4      | Found a sand-covered staircase.
  3383 | Ossuary  | Entered an ossuary
  3569 | Ossuary  | Noticed p0werm0de's ghost (novice GrEE)
  3603 | Ossuary  | Reached skill level 5 in Shields
  3608 | Ossuary  | Killed p0werm0de's ghost
  3608 | Ossuary  | Your scales start taking on a glossy black colour.
  3608 | Ossuary  | Reached XP level 7. HP: 23/57 MP: 4/7
  3608 | Ossuary  | Gained mutation: You are resistant to electric shocks. (rElec) [Black Draconian growth]
  4048 | D:4      | Noticed Menkaure
  4070 | D:4      | Killed Menkaure
  4070 | D:4      | Reached XP level 8. HP: 23/63 MP: 8/8
  4564 | D:4      | Found a blossoming altar of Fedhas.
  4744 | D:4      | Noticed kroki's ghost (amateur OpTm)
  4935 | D:4      | Killed kroki's ghost
  5567 | D:5      | Entered Level 5 of the Dungeon
  5951 | D:5      | Noticed Pikel
  6245 | D:5      | Reached skill level 5 in Stealth
  6258 | D:5      | Killed Pikel
  6258 | D:5      | Reached XP level 9. HP: 28/70 MP: 9/9
  6735 | D:5      | Noticed Edmund
  6909 | D:5      | Killed Edmund
  8288 | D:7      | Found a hide-covered altar of Uskayaw.
  8288 | D:7      | Found a snail-covered altar of Cheibriados.
  8289 | D:7      | Found a deep blue altar of Sif Muna.
  8398 | D:7      | Found a staircase to the Ecumenical Temple.
  8422 | Temple   | Entered the Ecumenical Temple
  8608 | Temple   | Became a worshipper of Qazlal Stormbringer
  8904 | D:7      | Reached skill level 1 in Invocations
  9199 | D:8      | Noticed Maurice
  9355 | D:8      | Killed Maurice
  9355 | D:8      | Reached XP level 10. HP: 50/77 MP: 11/11
  9642 | D:8      | Reached * piety under Qazlal
  9838 | D:8      | Found Geri's General Store.
  9842 | D:8      | Bought a scroll of identify for 26 gold pieces
  9842 | D:8      | Bought a potion of heal wounds for 65 gold pieces
  9842 | D:8      | Bought a scroll of identify for 26 gold pieces
 10124 | D:9      | Found a runed door.
 10170 | D:9      | Noticed a two-headed ogre
 10250 | D:9      | Noticed an orange crystal statue
 10263 | D:9      | Reached skill level 10 in Maces & Flails
 10671 | D:9      | Noticed a manticore
 10678 | D:9      | Killed a manticore
 10869 | D:9      | Reached skill level 5 in Invocations
 10870 | D:9      | Reached ** piety under Qazlal
 10876 | D:9      | Gained mutation: Your tail ends in a poisonous barb. [mutagenic meat]
 10877 | D:9      | Gained mutation: You expend magic power (3 MP) to strengthen your wands. [mutagenic meat]
 10879 | D:9      | Gained mutation: You have a pair of small antennae on your head. [mutagenic meat]
 10880 | D:9      | Gained mutation: Your body sometimes deteriorates upon taking damage. [mutagenic meat]
 10881 | D:9      | Gained mutation: Potions are less effective at restoring your health. [mutagenic meat]
 10882 | D:9      | Lost mutation: Your tail ends in a poisonous barb. [potion of cure mutation]
 10882 | D:9      | Lost mutation: You expend magic power (3 MP) to strengthen your wands. [potion of cure mutation]
 10882 | D:9      | Lost mutation: Your body sometimes deteriorates upon taking damage. [potion of cure mutation]
 10882 | D:9      | Lost mutation: Potions are less effective at restoring your health. [potion of cure mutation]
 10906 | D:9      | Found a runed door.
 11028 | D:9      | Killed a two-headed ogre
 11028 | D:9      | Reached skill level 10 in Shields
 11398 | D:9      | Reached XP level 11. HP: 82/82 MP: 15/15
 11410 | D:9      | Found a staircase to the Lair.
 11629 | Lair:1   | Entered Level 1 of the Lair of Beasts
 11834 | Lair:1   | Mangled by a yak

Vault maps used:
D:1:      sevenhm_arrival_forest_fort_small_5, minmay_misc_feat_rows,
          minmay_heptomino_l4
D:3:      first_bread
D:4:      fedhas_bush_and_centaur_altar, gup_ossuary_entry_pyramid,
          uniq_menkaure
D:5:      uniq_edmund, uniq_pikel
D:7:      gammafunk_temple_overflow_forgotten, minmay_temple_entry_nine_rooms
D:8:      serial_shops, kennysheep_mini_moat, uniq_maurice
D:9:      cheibrodos_histonic, david_lair_shrubbed, minmay_statue_bubble
Temple:   bh_familiar_temple
Ossuary:  ossuary_crypta

Skill      XL: |  1  2  3  4  5  6  7  8  9 10 |
---------------+-------------------------------+-----
Maces & Flails | 3 4 5 6 8 9 10 | 10.8
Shields        | 4 5 6 7 8 10 | 10.2
Stealth        | 1 3 5 6 |  6.9
Invocations    | 2 6 |  6.3
Fighting       | |  3.2
Dodging        | |  2.6

Action                   |  1- 3 |  4- 6 |  7- 9 | 10-12 || total
-------------------------+-------+-------+-------+-------++-------
Melee: Flail             |    47 |       |       |       ||    47
       Tailslap          |    12 |    23 |    75 |    36 ||   146
       Hand axe          |    80 |   107 |   127 |       ||   314
       Whip              |       |    78 |   474 |   264 ||   816
       Kick              |       |    18 |   146 |    68 ||   232
 Abil: Breathe Lightning |       |       |     3 |     2 ||     5
  Use: Scroll            |       |     9 |    10 |     8 ||    27
       Potion            |       |     3 |     8 |     3 ||    14
 Stab: Sleeping          |     1 |     5 |    14 |       ||    20
       Invisible         |       |       |     1 |       ||     1
  Eat: Chunk             |     2 |    22 |    16 |    12 ||    52
       Meat ration       |       |       |       |     1 ||     1
Armor: Skin              |    33 |    26 |   101 |    38 ||   198
Dodge: Dodged            |    56 |    59 |   180 |    55 ||   350
Block: Shield            |    56 |    79 |   252 |   128 ||   515
